 Dungeon Crawl Stone Soup version 0.24-a0-520-g8fd06ad0bc (webtiles) character file.

Game seed: 13364112165996459438

443 Grim the Spear-Bearer (level 6, 45/45 HPs)
             Began as a Minotaur Berserker on July 24, 2019.
             Was a Believer of Trog.
             Quit the game on level 5 of the Dungeon.
             The game lasted 00:07:00 (3460 turns).

Grim the Spear-Bearer (Minotaur Berserker)          Turns: 3460, Time: 00:07:01

Health: 45/45      AC:  4    Str: 22    XL:     6   Next: 71%
Magic:  5/5        EV: 12    Int:  6    God:    Trog [**....]
Gold:   76         SH:  0    Dex:  9    Spells: 5/5 levels left

rFire    . . .     SeeInvis .   a - +0 spear
rCold    . . .     Gourm    .   (no shield)
rNeg     . . .     Faith    .   b - +0 animal skin
rPois    .         Spirit   .   (helmet restricted)
rElec    .         Reflect  .   (no cloak)
rCorr    .         Harm     .   l - +0 pair of gloves
MR       .....     Clarity  +   (no boots)
Stlth    +.........             r - amulet of magic regeneration
HPRegen  0.15/turn              e - +1 ring of protection
MPRegen  0.34/turn              (no ring)

@: no status effects
A: retaliatory headbutt, horns 2, clarity, deterioration 1, frail 1
a: Berserk, Trog's Hand, Renounce Religion


You were on level 5 of the Dungeon.
You worshipped Trog.
Trog was pleased with you.
You were hungry.

You visited 1 branch of the dungeon, and saw 5 of its levels.
You also visited: Sewer.

You collected 188 gold pieces.
You spent 112 gold pieces at shops.

Inventory:

Hand Weapons
 a - a +0 spear (weapon)
Armour
 b - a +0 animal skin (worn)
 l - a +0 pair of gloves (worn)
Jewellery
 e - a +1 ring of protection (left hand)
 r - an amulet of magic regeneration (around neck)
Scrolls
 f - a scroll of random uselessness {unknown}
 g - a scroll of noise {unknown}
 h - 3 scrolls of teleportation {unknown}
 i - a scroll of fear {unknown}
 k - 3 scrolls of remove curse
 n - 2 scrolls of amnesia
 s - a scroll of fog {unknown}
Potions
 d - 2 potions of brilliance
 j - a potion of resistance {unknown}
 m - 5 potions of heal wounds
 p - a potion of haste {unknown}
 q - 3 potions of flight
Comestibles
 c - 5 rations


   Skills:
 - Level 3.6 Fighting
 + Level 9.2 Polearms
 - Level 2.4 Armour
 - Level 2.1 Dodging


You had 5 spell levels left.
You didn't know any spells.
Your spell library was empty.

Dungeon Overview and Level Annotations

Branches:
Dungeon (5/15)
 Temple: D:4-7

Altars:
Elyvilon
Okawaru
Ru
Wu Jian
Xom

Shops:
D:4 *


Innate Abilities, Weirdness & Mutations

You reflexively headbutt those who attack you in melee.
You have a pair of horns on your head.
You possess an exceptional clarity of mind.
Your body sometimes deteriorates upon taking damage.
You are frail. (-10% HP)


Message History

Press: ? - help, Dir - move target cursor, f - jackal
Aim: a jackal You reach to attack!
You hit the jackal but do no damage.
A jackal comes into view.
An adder comes into view.
The adder hisses angrily.
The jackal barks!
You hit the jackal.
The jackal is heavily wounded.
A worker ant comes into view.
A centaur comes into view.
The jackal bites you but does no damage.
A jackal comes into view. x2
You are feeling hungry.
You closely miss the jackal.
The jackal is moderately wounded.
The jackal barely misses you.
You closely miss the jackal. The jackal closely misses you.
You furiously retaliate!
You headbutt the jackal. You closely miss the jackal.
The jackal is severely wounded.
The jackal bites you but does no damage.
Are you sure you want to abandon this character and quit the game? (Confirm with "yes".)

#. .#...
.#.#..#.# .# #
........##.#.##
.....#..?.....
...)....#.#
....#...#
##....####.
#..<.......
#....#@..#....
..... #h......$
##.. #h.......
... #h.......
#. .c..aS... .
..#.#....
....##...
...... ...


You could see a centaur, a worker ant, an adder and 3 jackals.

Vanquished Creatures
  An ogre (D:4)
  A big kobold (Sewer)
  A hound (D:4)
  An orc priest (D:3)
  2 worker ants (D:4)
  A worker ant zombie (D:4)
  3 gnolls (D:2)
  5 adders
  A river rat (Sewer)
  An adder skeleton (D:4)
  4 worms
  2 dart slugs
  3 leopard geckos (D:4)
  6 orcs
  7 bats
  2 giant cockroaches
  5 goblins
  4 hobgoblins
  2 jackals (D:1)
  13 kobolds
  4 frilled lizards
  A quokka zombie (D:4)
  11 rats
81 creatures vanquished.

Notes
Turn   | Place    | Note
-------+----------+-------------------------------------------
     0 | D:1      | Grim the Minotaur Berserker began the quest for the Orb.
     0 | D:1      | Reached XP level 1. HP: 19/19 MP: 0/0
    95 | D:1      | Reached skill level 4 in Polearms
   176 | D:1      | Reached XP level 2. HP: 25/26 MP: 1/1
   871 | D:2      | Reached skill level 5 in Polearms
   994 | D:2      | Found a sacrificial altar of Ru.
  1014 | D:2      | Reached XP level 3. HP: 26/31 MP: 2/2
  1558 | D:2      | Reached skill level 6 in Polearms
  1558 | D:2      | Reached XP level 4. HP: 38/39 MP: 3/3
  1741 | D:2      | Reached ** piety under Trog
  2314 | D:3      | Found a glowing drain.
  2339 | D:3      | Reached skill level 7 in Polearms
  2339 | D:3      | Reached XP level 5. HP: 30/45 MP: 4/4
  2355 | Sewer    | Entered a sewer
  2613 | Sewer    | Found a white marble altar of Elyvilon.
  2744 | D:3      | Reached skill level 8 in Polearms
  2916 | D:4      | Noticed an ogre
  2922 | D:4      | Killed an ogre
  2922 | D:4      | Reached XP level 6. HP: 51/51 MP: 5/5
  3051 | D:4      | Found Gice's General Store.
  3060 | D:4      | Bought a potion of mutation for 112 gold pieces
  3060 | D:4      | Gained mutation: Your body sometimes deteriorates upon
                  | taking damage. [potion of mutation]
  3060 | D:4      | Gained mutation: You are frail. (-10% HP) [potion of
                  | mutation]
  3060 | D:4      | Gained mutation: You tend to lose your temper in combat.
                  | [potion of mutation]
  3060 | D:4      | Gained mutation: Your muscles are strong. (Str +2) [potion
                  | of mutation]
  3217 | D:4      | Reached skill level 9 in Polearms
  3218 | D:4      | Lost mutation: You tend to lose your temper in combat.
                  | [potion of mutation]
  3218 | D:4      | Lost mutation: Your muscles are strong. (Str +2) [potion of
                  | mutation]
  3218 | D:4      | Gained mutation: You are resistant to hostile enchantments.
                  | (MR+) [potion of mutation]
  3218 | D:4      | Lost mutation: You are resistant to hostile enchantments.
                  | (MR+) [potion of mutation]
  3218 | D:4      | Gained mutation: You possess an exceptional clarity of
                  | mind. [potion of mutation]
  3252 | D:4      | Found a shimmering altar of Xom.
  3252 | D:4      | Found an ornate altar of the Wu Jian Council.
  3264 | D:4      | Found an iron altar of Okawaru.
  3266 | D:4      | Found a white marble altar of Elyvilon.
  3268 | D:4      | Found a faded altar of an unknown god.
  3453 | D:5      | Entered Level 5 of the Dungeon
  3460 | D:5      | Quit the game

Levels and vault maps discovered:
D:1:      saegor_arrival_simple_e, layout_loops_cross
D:2:      minmay_wonky_spiral, layout_basic, first_ration,
          nicolae_ru_sacrificial_ziggurat
D:3:      layout_rooms, cheibrodos_sewer_entry_sluice
D:4:      layout_basic, chequers_temple_overflow_minitemple, serial_shops, shop,
          grunt_ministairs_2
D:5:      layout_rooms

Skill      XL: |  1  2  3  4  5  6 |
---------------+-------------------+-----
Polearms       | 4 5 6 7 8 9 |  9.2
Fighting       | |  3.6
Armour         | |  2.4
Dodging        | |  2.1

Action                   |  1- 3 |  4- 6 || total
-------------------------+-------+-------++-------
Melee: Spear             |    94 |   134 ||   228
       Headbutt          |    13 |    24 ||    37
Invok: Berserk           |     1 |     2 ||     3
       Trog's Hand       |       |     2 ||     2
  Use: Scroll            |       |     5 ||     5
       Potion            |       |     2 ||     2
 Stab: Sleeping          |       |     1 ||     1
  Eat: Chunk             |     2 |     9 ||    11
Armor: Animal skin       |     9 |    25 ||    34
Dodge: Dodged            |    32 |    48 ||    80

Table legend:
 A = Non-vault XP
 B = Vault XP
 C = Vault XP percentage of total XP
 D = Non-vault monster count
 E = Vault monster count
 F = Vault count percentage of total count
                 A         B        C        D         E       F
            +---------+---------+-------+---------+---------+-------
      Total |     453 |     180 |  28.4 |      66 |      15 |  18.5
            +---------+---------+-------+---------+---------+-------
        D:1 |      29 |       0 |   0.0 |      20 |       0 |   0.0
        D:2 |      98 |      20 |  16.9 |      17 |       3 |  15.0
        D:3 |      81 |       6 |   6.9 |      15 |       2 |  11.8
        D:4 |     245 |      36 |  12.8 |      14 |       1 |   6.7
      Sewer |       0 |     118 | 100.0 |       0 |       9 | 100.0
            +---------+---------+-------+---------+---------+-------
